 Dungeon Crawl Stone Soup version 0.23.0-2-g0fe3ce5905 (webtiles) character file.

Game seed: 8812245708047301007

248 tuffo the Chucker (level 5, -1/42 HPs)
             Began as a Centaur Hunter on Feb 11, 2019.
             Was an Initiate of Nemelex Xobeh.
             Slain by an orc wizard
             ... wielding a +0 dagger
              (3 damage)
             ... on level 4 of the Dungeon on Feb 19, 2019.
             The game lasted 00:39:42 (2933 turns).

tuffo the Chucker (Centaur Hunter)                  Turns: 2933, Time: 00:39:43

Health: -1/42      AC:  7    Str: 15    XL:     5   Next: 86%
Magic:  5/5        EV:  9    Int: 10    God:    Nemelex Xobeh [......]
Gold:   149        SH:  0    Dex: 10    Spells: 4/4 levels left

rFire    . . .     SeeInvis .   m - +3 dagger (drain)
rCold    + . .     Gourm    .   (no shield)
rNeg     . . .     Faith    .   A - +2 ring mail {rC+}
rPois    .         Spirit   .   (no helmet)
rElec    .         Reflect  .   (no cloak)
rCorr    .         Harm     .   (no gloves)
MR       .....                  (no barding)
Stlth    ..........             (no amulet)
HPRegen  0.14/turn              e - ring of flight
MPRegen  0.09/turn              (no ring)

@: slowed
A: large, hooves 3, deformed body, speed 2, tough skin 3
a: Draw Escape, Draw Destruction, Draw Summoning, Renounce Religion, Evoke
Flight


You were on level 4 of the Dungeon.
You worshipped Nemelex Xobeh.
Nemelex Xobeh was noncommittal.
You were hungry.

You visited 1 branch of the dungeon, and saw 5 of its levels.

You collected 149 gold pieces.

Inventory:

Hand Weapons
 a - a +0 spear
 d - a +0 dagger
 l - a +0 dagger
 m - a +3 dagger of draining (weapon)
 t - a +0 mace
 u - a +0 dagger
 v - a +0 short sword
 w - a +0 club
 x - a +0 dagger
 y - a +0 short sword
 G - a +0 hunting sling
Missiles
 j - 144 stones
 p - 33 arrows (quivered)
 r - 18 poisoned needles
Armour
 b - a +1 leather armour
 A - a +2 ring mail of cold resistance (worn)
 C - a +0 buckler
 D - a +0 leather armour
Jewellery
 e - a ring of flight (left hand)
Scrolls
 g - 2 scrolls of immolation
 h - 2 scrolls of identify {unknown}
 k - 3 scrolls of teleportation {unknown}
 o - 2 scrolls of fear {unknown}
 s - a scroll of blinking {unknown}
 H - a scroll of enchant weapon {unknown}
Potions
 c - a potion of agility {unknown}
 i - a potion of magic {unknown}
 n - a potion of berserk rage {unknown}
 q - a potion of flight {unknown}
 z - a potion of might {unknown}
 B - a potion of curing
 F - 2 potions of brilliance {unknown}
Comestibles
 f - 3 rations


   Skills:
 + Level 2.4 Fighting
 + Level 1.2 Short Blades
 * Level 6.6 Throwing
 + Level 1.3 Armour
 + Level 1.9 Dodging
 + Level 0.7 Stealth


You had 4 spell levels left.
You didn't know any spells.
Your spell library was empty.

Dungeon Overview and Level Annotations

Branches:
Dungeon (5/15)
 Temple: D:4-7

Altars:
Nemelex Xobeh

Portals:
Sewer: D:3


Innate Abilities, Weirdness & Mutations

You have hooves in place of feet.
Armour fits poorly on your strangely shaped body.
You cover ground very quickly.
You have extremely tough skin. (AC +3)


Message History

The orc misses you.
The orc wizard hits you but does no damage.
The hound bites you.
* * * LOW HITPOINT WARNING * * *
The hound bites you but does no damage. The hound barely misses you.
The orc wizard mumbles some strange words.
The orc wizard blinks!
The orc wizard barely misses you.
The orc wizard mumbles some strange words.
The orc wizard flickers and vanishes!
Deactivating autopickup; reactivate with Ctrl-A.
The orc wizard barely misses you. The hound bites you.
* * * LOW HITPOINT WARNING * * *
The orc wizard casts a spell.
The orc wizard blinks!
The hound closely misses you. The hound barely misses you.
The hound bites you but does no damage. Something hits you.
You die...
Your body disappears without a glow.

#.## #########
#######.## ##.......#
#.......## .........#
#.......## .(.....(.#
#.......## ..(......#
#######'##
#.......############.##
#.......o.........##'#8
#....(@h..........#..##
#.................#..##
#......#.oo.......†..##
#......+.............##
#......#....>........##
########..........#..##
#..........#..##
#..........#####
............#


You could see a hound, 2 orc wizards and an orc.

Vanquished Creatures
  A howler monkey (D:4)
  An orc priest (D:4)
  A centaur skeleton (D:4)
  A worker ant (D:4)
  6 adders
  An ooze (D:4)
  4 worms
  2 dart slugs (D:1)
  A leopard gecko (D:1)
  4 orcs
  3 bats
  6 giant cockroaches
  9 goblins
  7 hobgoblins
  A jackal (D:2)
  A quokka (D:4)
  2 frilled lizards
  5 kobolds
  3 rats
59 creatures vanquished.

Notes
Turn   | Place    | Note
-------+----------+-------------------------------------------
     0 | D:1      | tuffo the Centaur Hunter began the quest for the Orb.
     0 | D:1      | Reached XP level 1. HP: 17/17 MP: 1/1
   207 | D:1      | Reached XP level 2. HP: 20/24 MP: 2/2
   343 | D:1      | Found a sparkling altar of Nemelex Xobeh.
   967 | D:1      | Upgraded the game from 0.23.0 to 0.23.0-2-g0fe3ce5905
  1154 | D:2      | Reached skill level 5 in Throwing
  1293 | D:2      | Reached XP level 3. HP: 4/29 MP: 3/3
  1887 | D:2      | Reached XP level 4. HP: 33/37 MP: 4/4
  2075 | D:3      | Found a glowing drain.
  2273 | D:4      | Reached skill level 1 in Armour
  2390 | D:3      | Reached skill level 1 in Short Blades
  2424 | D:3      | Reached skill level 6 in Throwing
  2424 | D:3      | Reached XP level 5. HP: 14/42 MP: 5/5
  2737 | D:4      | Found a sparkling altar of Nemelex Xobeh.
  2804 | D:4      | Became a worshipper of Nemelex Xobeh the Trickster
  2815 | D:4      | Received a gift from Nemelex Xobeh
  2920 | D:5      | Entered Level 5 of the Dungeon
  2929 | D:4      | HP: 2/42 [hound (5)]
  2933 | D:4      | Slain by an orc wizard

Skill      XL: |  1  2  3  4 |
---------------+-------------+-----
Throwing       | 5 6 |  6.6
Armour         | 1 |  1.3
Short Blades   | 1 |  1.2
Fighting       | |  2.4
Dodging        | |  1.9
Stealth        | |  0.7

Action                   |  1- 3 |  4- 6 || total
-------------------------+-------+-------++-------
Melee: Short sword       |    67 |       ||    67
       Kick              |     8 |    10 ||    18
       Dagger            |     4 |    45 ||    49
Throw: Javelin           |    35 |    34 ||    69
       Throwing net      |     5 |       ||     5
       Stone             |     2 |     8 ||    10
  Use: Scroll            |     2 |       ||     2
       Potion            |     2 |     2 ||     4
  Eat: Ration            |     1 |       ||     1
Armor: Leather armour    |    31 |    13 ||    44
       Ring mail         |       |    27 ||    27
Dodge: Dodged            |    45 |    48 ||    93
